 Dungeon Crawl Stone Soup version 0.28-a0-794-gafe8c5f9e9 (webtiles) character file.

Game seed: 1014291522612379742

1371 kae the Summoner (level 8, -2/48 HPs)
             Began as a Tengu Summoner on Nov 5, 2021.
             Was an Initiate of Ashenzari.
             Killed by divine providence
             ... invoked by an orc priest
              (13 damage)
             ... on level 5 of the Dungeon.
             The game lasted 00:12:00 (9527 turns).

kae the Summoner (Tengu Summoner)                   Turns: 9527, Time: 00:12:01

Health: -2/48      AC:  3    Str:  9    XL:     8   Next: 65%
Magic:  11/15      EV: 17    Int: 18    God:    Ashenzari [......]
Gold:   66         SH:  0    Dex: 14    Spells: 7/16 levels left

rFire   . . .      SeeInvis .   d - +3 short sword
rCold   . . .      Faith    .   (no shield)
rNeg    . . .      Spirit   .   a - +1 robe
rPois   .          Reflect  .   (helmet restricted)
rElec   .          Harm     .   (no cloak)
rCorr   .          Rampage  .   (no gloves)
Will    .....                   (boots unavailable)
Stlth   ++........              (no amulet)
HPRegen 0.16/turn               (no ring)
MPRegen 0.14/turn               (no ring)

@: flying quickly and evasively, quick
A: beak, talons 3, nimble flight
a: Renounce Religion, Curse Item


You were on level 5 of the Dungeon.
You worshipped Ashenzari.
Ashenzari was noncommittal.
You visited 2 branches of the dungeon, and saw 6 of its levels.
You also visited: Sewer.

You collected 298 gold pieces.
You spent 232 gold pieces at shops.

Inventory:

Hand Weapons
 d - a +3 short sword (weapon)
Armour
 a - a +1 robe (worn)
Scrolls
 b - a scroll of enchant armour
 k - 3 scrolls of teleportation
 q - a scroll of immolation {unknown}
 r - a scroll of vulnerability
 t - a scroll of fear
 u - a scroll of blinking
Potions
 c - a potion of berserk rage
 e - 3 potions of lignification
 f - 3 potions of cancellation
 g - a potion of curing
 h - a potion of ambrosia
 i - 2 potions of degeneration
 j - 3 potions of brilliance
 l - a potion of might
 m - 2 potions of heal wounds {unknown}
 n - a potion of invisibility
 o - a potion of magic {unknown}
 p - a potion of mutation {unknown}
 s - a potion of attraction {unknown}


   Skills:
 + Level 4.4 Fighting
 + Level 5.5 Dodging
 - Level 2.0 Stealth
 + Level 4.5 Spellcasting
 * Level 9.2 Summonings


You had 7 spell levels left.
You knew the following spells:

 Your Spells              Type           Power      Damage    Failure   Level
a - Summon Small Mammal   Summ           100%       N/A       1%          1
b - Call Imp              Summ           37%        N/A       1%          2
c - Call Canine Familiar  Summ           37%        N/A       1%          3
d - Summon Guardian Gole  Hex/Summ       20%        N/A       6%          3

Your spell library contained the following spells:

 Spells                   Type           Power      Damage    Failure   Level
 Shock                    Conj/Air       16%        1d4       14%         1
 Corpse Rot               Necr/Air       8%         N/A       22%         2
 Passwall                 Tmut/Erth      3%         N/A       22%         2
 Poisonous Vapours        Pois/Air       8%         N/A       22%         2
 Summon Lightning Spire   Summ/Air       20%        N/A       22%         4
 Gell's Gravitas          Tloc           4%         N/A       38%         3
 Swiftness                Air            4%         N/A       38%         3
 Teleport Other           Tloc           4%         N/A       38%         3
 Airstrike                Air            2%         N/A       80%         4
 Dispersal                Tloc           2%         N/A       100%        6
 Invisibility             Hex            2%         N/A       100%        6


Dungeon Overview and Level Annotations

Branches:
Dungeon (5/15)             Temple (1/1) D:4           Sewer (visited)

Altars:
Ashenzari
Dithmenos
Elyvilon
Fedhas
Hepliaklqana
Kikubaaqudgha
Makhleb
Nemelex Xobeh
Okawaru
Qazlal
Trog
Uskayaw
Vehumet
Wu Jian
Xom
Yredelemnul
Zin
The Shining One

Shops:
D:1 *!*!


Innate Abilities, Weirdness & Mutations

You have a beak for a mouth.
You have claws for feet.
Your magical nature lets you fly swiftly and evasively.


Message History

You kill the orc!
The orc closely misses your wolf.
Your wolf bites the orc but does no damage.
The orc priest looks satisfied for a moment.
You swap places.
The orc completely misses you.
The orc priest looks satisfied for a moment.
Things that are here:
a +0 flail; an orc corpse
Casting: Call Canine Familiar (safe; 1% risk of failure)
Confirm with . or Enter, or press ? or * to list all spells.
A guardian golem appears, shielding your allies.
The orc hits you with a +0 short sword. The orc misses you.
You hit the orc but do no damage. The orc closely misses you.
You closely miss the orc. You peck the orc.
The orc is lightly wounded.
The orc misses you.
The orc priest invokes the aid of Beogh against you.
Beogh smites you!
You swap places.
Your wolf bites the orc!
The orc dies!
The orc priest calls down the wrath of Beogh upon you.
Beogh smites you!
The orc priest miscasts a cantrip.
The orc priest mumbles some strange prayers to Beogh against you.
Beogh smites you!
* * * LOW HITPOINT WARNING * * *
What are your orders? t - Shout!
Orders for allies: a - Attack new target. r - Retreat! s - Stop attacking. g - Guard the area. f - Follow me.
Anything else - Cancel.
Gang up on whom?
Press: ? - help, Dir - move target, f - orc priest
Aim: an orc priest, wielding a +0 hand axe Attack!
The orc priest calls down the wrath of Beogh upon you.
Beogh smites you!
You die...

###.....##.##.....##.# ##.#
#..(###.#...#.###....# #.#
#.#.#[....(...).#.#..# #.#
#...###.#...#.###...## #.#
#.#.....##.##.....### #.#
#.##.#.........#.## #.#
#.##.....#.#.....#########.#
#.###..#.#)#.#..###........#
#......(.###...@....########
#####.##.....##h#####
#.##..#.###9# #.##....# #.#
#.......# #.# ######### #o#
#o# #.# ##.#######...


You could see 2 orc priests, a friendly guardian golem (summoned) and a friendly
wolf (summoned, sheltered).

Vanquished Creatures
  A necrophage (D:4)
  A bullfrog (Sewer)
  A water moccasin zombie (D:5)
  A howler monkey (D:4)
  An orc wizard (D:4)
  An iguana (D:4)
  Robin (D:4)
  12 adders
  A worm (D:4)
  2 dart slugs
  5 orcs
  12 ball pythons
  A bat (D:1)
  13 endoplasms
  16 giant cockroaches
  18 goblins
  6 hobgoblins
  3 jackals (D:3)
  2 kobolds
  10 quokkas
  5 frilled lizards
  6 rats
119 creatures vanquished.

Vanquished Creatures (collateral kills)
  A black bear (D:4)
  An ice beast (D:4)
  A necrophage (D:4)
  A bullfrog (Sewer)
  2 scorpions (D:4)
  A jelly (D:4)
  Jessica (D:2)
  3 gnolls (D:4)
  A howler monkey skeleton (D:5)
  6 adders
  A dart slug (D:2)
  7 orcs
  5 ball pythons
  3 endoplasms
  9 giant cockroaches
  A goblin (D:4)
  A jackal (D:3)
  3 kobolds
  4 quokkas
  3 bats
  9 frilled lizards
64 creatures vanquished.

Vanquished Creatures (others)
  An ice beast (D:4)
  A necrophage (D:5)
  5 fungi (D:4)
  17 plants (D:4)
24 creatures vanquished.

Grand Total: 207 creatures vanquished

Notes
Turn   | Place    | Note
-------+----------+-------------------------------------------
     0 | D:1      | kae the Tengu Summoner began the quest for the Orb.
     0 | D:1      | Reached XP level 1. HP: 10/10 MP: 4/4
   556 | D:1      | Found Yhopsyot's Distillery.
   618 | D:1      | Reached skill level 5 in Summonings
   679 | D:1      | Reached XP level 2. HP: 5/16 MP: 4/6
  1159 | D:1      | Found Hourph's Assorted Antiques.
  1412 | D:1      | Reached XP level 3. HP: 19/20 MP: 5/7
  1449 | D:1      | Found Atoemenarph's Distillery.
  1455 | D:1      | Learned a level 2 spell: Call Imp
  1459 | D:1      | Learned a level 3 spell: Call Canine Familiar
  1488 | D:1      | Reached skill level 1 in Fighting
  1766 | D:1      | Found a faded altar of an unknown god.
  1778 | D:1      | Found Zegetij's Assorted Antiques.
  1848 | D:1      | Bought a scroll labelled ATOUVY MIUSS for 20 gold pieces
  1848 | D:1      | Bought a scroll labelled OFEXKO WOZUT for 20 gold pieces
  1944 | D:1      | Bought 2 fizzy yellow potions for 36 gold pieces
  1944 | D:1      | Bought an orange potion for 18 gold pieces
  1944 | D:1      | Bought a puce potion for 18 gold pieces
  2289 | D:2      | Reached XP level 4. HP: 19/25 MP: 8/8
  2445 | D:2      | Found a bloodstained altar of Trog.
  3151 | D:2      | Reached skill level 6 in Summonings
  3163 | D:2      | Gained mutation: Your magical nature lets you fly swiftly
                  | and evasively. [Tengu growth]
  3163 | D:2      | Reached XP level 5. HP: 26/30 MP: 6/10
  3475 | D:2      | Noticed Jessica
  3634 | D:2      | Killed Jessica
  4076 | D:3      | Found a stormy altar of Qazlal.
  4347 | D:3      | Found a sparkling altar of Nemelex Xobeh.
  4420 | D:3      | Found an ancient bone altar of Kikubaaqudgha.
  4611 | D:3      | Found a glowing drain.
  4615 | Sewer    | Entered a sewer
  4621 | Sewer    | Reached XP level 6. HP: 33/35 MP: 8/11
  5154 | Sewer    | Learned a level 3 spell: Summon Guardian Golem
  5308 | Sewer    | Reached skill level 7 in Summonings
  5312 | Sewer    | Reached XP level 7. HP: 22/40 MP: 9/13
  5943 | D:3      | Found a hazy altar of Hepliaklqana.
  5951 | D:3      | Found a shadowy altar of Dithmenos.
  5951 | D:3      | Noticed a shadow
  6279 | D:4      | Noticed Robin
  6363 | D:4      | Killed Robin
  6530 | D:4      | Found a staircase to the Ecumenical Temple.
  6552 | Temple   | Entered the Ecumenical Temple
  7116 | D:4      | Reached skill level 8 in Summonings
  7141 | D:4      | Reached XP level 8. HP: 24/47 MP: 4/14
  7351 | D:4      | Found a broken altar of Ashenzari.
  7390 | D:4      | Found a white marble altar of Elyvilon.
  7434 | D:4      | Became a worshipper of Ashenzari the Shackled
  7650 | D:4      | Reached skill level 5 in Dodging
  7902 | D:1      | Bought a black potion for 27 gold pieces
  7902 | D:1      | Bought 2 scrolls labelled QAZORR XIRAU for 62 gold pieces
  7902 | D:1      | Bought a scroll labelled BOLAFR EZXAEM for 31 gold pieces
  7972 | D:5      | Entered Level 5 of the Dungeon
  9172 | D:4      | Reached skill level 9 in Summonings
  9527 | D:5      | Killed from afar by an orc priest

Illustrated notes

Levels and vault maps discovered:
D:1:      dpeg_arrival_rhombi, layout_loops_corners,
          shapermc_ecumenical_altar_notcrosses, serial_shops, shop_coins,
          nicolae_square_shop, shop, nicolae_square_shop,
          minmay_misc_feat_encased, dk_noncrumbling_2, minmay_misc_feat_columns,
          hangedman_decor_push, minmay_worlds_worst_comb
D:2:      layout_loops_ring, basic_altar, minmay_snake_closets, uniq_jessica
D:3:      layout_loops_ring, riverfiend_overflow_shadow_ancestor,
          grunt_qazlal_sundering, nemelex_dance_club_becter,
          kiku_gazebo_pond_becter, gup_sewer_entry_spiral
D:4:      layout_rooms, nicolae_elyvilon_temple_path,
          mainiacjoe_overflow_boulevard, minmay_temple_entry_gardened_gates,
          uniq_robin
D:5:      layout_loops_corners, minmay_fractal_squares_5
Temple:   zaba_magenta_temple

Skill      XL: |  1  2  3  4  5  6  7  8 |
---------------+-------------------------+-----
Summonings     | 5 6 7 8 9 |  9.2
Fighting       | 1 2 3 4 |  4.4
Dodging        | 3 4 5 |  5.5
Spellcasting   | 3 4 |  4.5
Stealth        | |  2.0

Action                   |  1- 3 |  4- 6 |  7- 9 || total
-------------------------+-------+-------+-------++-------
Melee: Unarmed           |    14 |       |       ||    14
       Short sword       |    67 |   181 |    92 ||   340
       Kick              |     9 |    33 |    23 ||    65
       Peck              |     8 |    16 |     9 ||    33
 Cast: Summon Small Mamm |    16 |     5 |    15 ||    36
       Call Imp          |     6 |    25 |    17 ||    48
       Call Canine Famil |     1 |     9 |    18 ||    28
       Summon Guardian G |       |       |    14 ||    14
  Use: Scroll            |     6 |     5 |     6 ||    17
 Stab: Sleeping          |     5 |     8 |     1 ||    14
       Distracted        |       |     3 |     2 ||     5
Armor: Robe              |    16 |    29 |    17 ||    62
Dodge: Dodged            |    42 |   135 |   123 ||   300

Table legend: (Time is in decaauts)
 A = Elapsed time spent in this place.
 B = Non-inter-level travel time spent in this place.
 C = Inter-level travel time spent in this place.
 D = Time resting spent in this place.
 E = Time spent auto-exploring this place.
 F = Levels seen in this place.
 G = Mean time per level.
                   A        B        C        D        E       F      G
               +--------+--------+--------+--------+--------+-----+--------+
         Total |   9304 |   8991 |    313 |   1408 |   5831 |   7 | 1329.1 |
       Dungeon |   8160 |   7864 |    296 |   1160 |   5205 |   5 | 1632.0 |
        Temple |    196 |    179 |     17 |    130 |     45 |   1 |  196.0 |
         Sewer |    947 |    947 |      0 |    118 |    581 |   1 |  947.0 |
               +--------+--------+--------+--------+--------+-----+--------+

Top non-repeatable levels by time:
     D:4: 2292 daAuts
     D:2: 2129 daAuts
     D:1: 1989 daAuts
     D:3: 1074 daAuts
   Sewer: 947 daAuts
     D:5: 674 daAuts
  Temple: 196 daAuts
